 Dungeon Crawl Stone Soup version 0.31.0-11-ge490571c62 (webtiles) character file.

Game seed: 9798019541468492968

368 DopeyGorilla666 the Cutter (level 6, -5/53 HPs)
             Began as a Gnoll Cinder Acolyte on Feb 6, 2024.
             Was a High Priest of Ignis.
             Slain by Sigmund
             ... wielding a +0 scythe
              (8 damage)
             ... on level 4 of the Dungeon.
             The game lasted 00:20:05 (2532 turns).

DopeyGorilla666 the Cutter (Gnoll Cinder Acolyte)   Turns: 2532, Time: 00:20:06

Health: -5/53      AC:  6    Str: 15    XL:     6   Next: 69%
Magic:  11/11      EV: 12    Int: 13    God:    Ignis [*****.]
Gold:   131        SH:  0    Dex:  8    Spells: 10/12 levels left

rFire   + . .        g - +1 dagger (distort)
rCold   . . .        (no shield)
rNeg    . . .        b - +0 robe
rPois   +            (no helmet)
rElec   .            n - +2 cloak
rCorr   .            d - +0 pair of gloves
SInv    .            (no boots)
Will    .....        (no amulet)
Stlth   +            e - ring of poison resistance
HPRegen 0.28/turn    (no ring)
MPRegen 0.12/turn

%: no passive effects
@: confused
A: fangs 1, strong nose, distributed training
a: Renounce Religion, Fiery Armour, Foxfire Swarm


You were on level 4 of the Dungeon.
You worshipped Ignis.
Ignis was extremely pleased with you.
You visited 1 branch of the dungeon, and saw 4 of its levels.

You collected 131 gold pieces.

Inventory:

Hand Weapons
 a - a -1 short sword of flaming
 g - a +1 dagger of distortion (weapon)
Armour
 b - a +0 robe (worn)
 d - a +0 pair of gloves (worn)
 m - an orb of guile
 n - a +2 cloak (worn)
Jewellery
 e - a ring of poison resistance (left hand)
Scrolls
 k - a scroll of enchant weapon
 l - a scroll of blinking {unknown}
 o - a scroll of amnesia
Potions
 f - a potion of heal wounds {unknown}
 h - a potion of lignification {unknown}
 j - a potion of ambrosia {unknown}
 q - a potion of curing {unknown}
 r - a potion of haste {unknown}


   Skills:
 + Level 6.9 Fighting
 + Level 6.9 Short Blades
 + Level 2.1 Long Blades
 + Level 2.1 Axes
 + Level 2.1 Maces & Flails
 + Level 2.1 Polearms
 + Level 2.1 Staves
 + Level 2.1 Ranged Weapons
 + Level 2.1 Throwing
 + Level 2.1 Armour
 + Level 2.1 Dodging
 + Level 2.1 Stealth
 + Level 2.1 Shields
 + Level 2.1 Unarmed Combat
 + Level 3.5 Spellcasting
 + Level 1.7 Conjurations
 + Level 1.7 Hexes
 + Level 1.7 Summonings
 + Level 1.7 Necromancy
 + Level 1.7 Translocations
 + Level 5.7 Fire Magic
 + Level 1.7 Ice Magic
 + Level 1.7 Air Magic
 + Level 1.7 Earth Magic
 + Level 1.7 Alchemy
 + Level 2.4 Invocations
 + Level 2.1 Evocations
 + Level 2.0 Shapeshifting


You had 10 spell levels left.
You knew the following spells:

 Your Spells              Type           Power      Damage    Failure   Level
a - Scorch                Fire           34%        2d6       3%          2

Your spell library contained the following spells:

 Spells                   Type           Power      Damage    Failure   Level


Dungeon Overview and Level Annotations

Branches:
Dungeon (4/15)
 Temple: D:4-7

Altars:
Makhleb
Zin

Annotations:
D:4 Sigmund


Innate Abilities, Weirdness & Mutations

You have very sharp teeth.
Your uncanny sense of smell can sniff out nearby items.
Your experience applies equally to all skills.


Message History

You're too confused to cast spells.
Sigmund zaps a wand.
The puff of flame hits you. You resist.
You're too confused to cast spells.
Sigmund hits you from afar with a +0 scythe!
You're too confused to cast spells.
Sigmund casts a spell.
Sigmund flickers and vanishes!
You're too confused to cast spells.
Something hits you!
You're too confused to cast spells.
You're too confused to cast spells.
Something hits you!
* * * LOW HITPOINT WARNING * * *
You hear a zap.
A puff of flame appears from out of thin air!
The puff of flame hits you but does no damage.
You resist.
You feel less confused.
You hear some strange, mumbled words.
You are confused.
You're too confused to move!
You hear a zap.
A puff of flame appears from out of thin air!
The puff of flame misses you. Something hits you.
* * * LOW HITPOINT WARNING * * *
You're too confused to move!
You bump into the rock wall.
Something hits you.
* * * LOW HITPOINT WARNING * * *
Something hits you but does no damage.
You feel less confused.
You start resting.
You hear some strange, mumbled words.
You are confused.
You start resting.
Something hits you.
* * * LOW HITPOINT WARNING * * *
Something hits you but does no damage.
There is a strange disturbance nearby!
You bump into the rock wall.
Something hits you!
You die...

#.......#......### ###
........#........# ....###
..###............## .......
..# #.............# .....♣
..# #.............# ..._.♣
..#####...........###.....♣
..............#........♣♣♣♣.
..............#.............
................@{..........
.................#.#....P.PP
...####..###.....#.#.#..PP.P
...####.......####.#.#......
...'..#.#####.####.#.# .....
...##.#.#...#......#.#.#....
###...#..............#.#....
###.###.......##.......# #..
#....##.......####.#.###


There were no monsters in sight!

Vanquished Creatures
  A sky beast (D:4)
  A black bear (D:4)
  A hound (D:4)
  An iguana (D:4)
  An orc wizard (D:3)
  4 adders
  4 dart slugs
  A ribbon worm (D:3)
  4 orcs (D:3)
  6 endoplasms
  6 giant cockroaches
  2 goblins (D:3)
  4 hobgoblins
  A quokka (D:3)
  5 ball pythons
  5 bats
  3 frilled lizards
  5 kobolds
  8 rats
63 creatures vanquished.

Notes
Turn   | Place    | Note
-------+----------+-------------------------------------------
     0 | D:1      | DopeyGorilla666 the Gnoll Cinder Acolyte began the quest
                  | for the Orb.
     0 | D:1      | Reached XP level 1. HP: 23/23 MP: 4/4
   118 | D:1      | Reached XP level 2. HP: 22/29 MP: 5/5
   400 | D:1      | Found a faded altar of an unknown god.
   454 | D:2      | Reached XP level 3. HP: 29/35 MP: 7/7
   457 | D:2      | Learned a level 2 spell: Scorch
   468 | D:1      | You fall into a shaft and drop 1 floor!
   669 | D:3      | Reached skill level 1 in Invocations
   813 | D:3      | Found a burning altar of Makhleb.
   815 | D:3      | Noticed a green death
   832 | D:3      | Reached skill level 1 in Long Blades
   832 | D:3      | Reached skill level 1 in Axes
   832 | D:3      | Reached skill level 1 in Maces & Flails
   832 | D:3      | Reached skill level 1 in Polearms
   832 | D:3      | Reached skill level 1 in Staves
   832 | D:3      | Reached skill level 1 in Ranged Weapons
   832 | D:3      | Reached skill level 1 in Throwing
   832 | D:3      | Reached skill level 1 in Armour
   832 | D:3      | Reached skill level 1 in Dodging
   832 | D:3      | Reached skill level 1 in Stealth
   832 | D:3      | Reached skill level 1 in Shields
   832 | D:3      | Reached skill level 1 in Unarmed Combat
   832 | D:3      | Reached skill level 1 in Evocations
   922 | D:3      | Noticed a ynoxinul
   922 | D:3      | Noticed a smoke demon
   995 | D:3      | Reached skill level 1 in Shapeshifting
   995 | D:3      | Reached XP level 4. HP: 41/41 MP: 8/8
  1299 | D:3      | Reached skill level 1 in Conjurations
  1299 | D:3      | Reached skill level 1 in Hexes
  1299 | D:3      | Reached skill level 1 in Summonings
  1299 | D:3      | Reached skill level 1 in Necromancy
  1299 | D:3      | Reached skill level 1 in Translocations
  1299 | D:3      | Reached skill level 1 in Ice Magic
  1299 | D:3      | Reached skill level 1 in Air Magic
  1299 | D:3      | Reached skill level 1 in Earth Magic
  1299 | D:3      | Reached skill level 1 in Alchemy
  1586 | D:4      | Reached XP level 5. HP: 47/47 MP: 6/9
  1607 | D:4      | Noticed a black bear
  1621 | D:4      | Killed a black bear
  1742 | D:4      | Reached XP level 6. HP: 51/53 MP: 4/11
  1811 | D:4      | Noticed a sky beast
  1815 | D:4      | Killed a sky beast
  1979 | D:4      | Found a glowing silver altar of Zin.
  2190 | D:4      | Noticed Sigmund
  2529 | D:4      | HP: 2/53 [something (6)]
  2532 | D:4      | Slain by Sigmund

Illustrated notes

Levels and vault maps discovered:
D:1:      dpeg_arrival_shelter, layout_rooms,
          hellmonk_ecumenical_altar_pennies_from_heaven, st_stairs_7,
          skrybe_limestone_x, minmay_close_crescents
D:2:      wander_river, layout_basic
D:3:      layout_loops_cross, makhleb_altar_promises_db
D:4:      layout_basic, mainiacjoe_overflow_chevrons, grunt_ministairs_10,
          corexii_shack, uniq_sigmund

Skill      XL: |  1  2  3  4  5  6 |
---------------+-------------------+-----
Invocations    | 1 2 |  2.4
Long Blades    | 1 2 |  2.1
Axes           | 1 2 |  2.1
Maces & Flails | 1 2 |  2.1
Polearms       | 1 2 |  2.1
Staves         | 1 2 |  2.1
Ranged Weapons | 1 2 |  2.1
Throwing       | 1 2 |  2.1
Armour         | 1 2 |  2.1
Dodging        | 1 2 |  2.1
Stealth        | 1 2 |  2.1
Shields        | 1 2 |  2.1
Unarmed Combat | 1 2 |  2.1
Evocations     | 1 2 |  2.1
Shapeshifting  | 1 2 |  2.0
Spellcasting   | 3 |  3.5
Conjurations   | 1 |  1.7
Hexes          | 1 |  1.7
Summonings     | 1 |  1.7
Necromancy     | 1 |  1.7
Translocations | 1 |  1.7
Ice Magic      | 1 |  1.7
Air Magic      | 1 |  1.7
Earth Magic    | 1 |  1.7
Alchemy        | 1 |  1.7
Fighting       | |  6.9
Short Blades   | |  6.9
Fire Magic     | |  5.7

Action                     |  1- 3 |  4- 6 || total
---------------------------+-------+-------++-------
  Melee: Short sword       |   160 |   131 ||   291
         Bite              |    18 |     7 ||    25
         Punch             |     2 |     2 ||     4
         Dagger            |       |     3 ||     3
   Cast: Scorch            |    13 |    25 ||    38
 Invoke: Rising Flame      |     1 |       ||     1
    Use: Scroll            |     1 |     7 ||     8
 Armour: Robe              |    76 |    94 ||   170
  Dodge: Dodged            |   102 |    61 ||   163
